Avalanche vs Nordiques

Created - December 28, 2019 at 19:49

Goals
1 2 3 T
Avalanche 0 2 0 2
Nordiques 0 0 4 4
Shots
1 2 3 T
Avalanche 10 18 4 32
Nordiques 8 9 14 31

1st period

No Goal

Penalties :
Danny Richmond (Col) for Interference (Minor) at 4:48, Mattias Ekholm (Col) for Tripping (Minor) at 9:50, David Legwand (Que) for Holding (Minor) at 11:02, Jack Johnson (Col) for Interference (Minor) at 11:57

2nd period

1. Avalanche , Patric Hornqvist 16 (Mikkel Boedker 20, Charlie Coyle 5) at 8:54
2. Avalanche , Bryan Little 11 (Mikkel Boedker 21, Patric Hornqvist 10) at 16:25

Penalties :
Bryan Little (Col) for Hooking (Minor) at 1:53, Alexander Radulov (Col) for Hooking (Minor) at 19:31

3rd period

3. Nordiques , David Legwand 7 (Evander Kane 16, Cody McLeod 2) at 7:03
4. Nordiques , Vladimir Tarasenko 9 (David Legwand 12) at 7:23
5. Nordiques , Fedor Tyutin 3 (Vladimir Tarasenko 17, Evander Kane 17) at 8:57 (PP)
6. Nordiques , Evander Kane 20 (Vladimir Tarasenko 18, David Legwand 13) at 19:22 (PP)

Penalties :
Evander Kane (Que) for Hooking (Minor) at 4:55, Danny Richmond (Col) for Hooking (Minor) at 8:32, Kyle Turris (Col) for Holding (Minor) at 10:09, Danny Richmond (Col) for Tripping (Minor) at 18:39

Goalie Stats

Mike Brodeur (Col), 27 saves from 31 shots - (0.871), L, 2-5-0, 60:00 minutes
Jonathan Quick (Que), 30 saves from 32 shots - (0.938), W, 10-6-2, 60:00 minutes

Players Stats for Avalanche

Player Name              G  A  P  +/- PIM S  H  SB GA TA FO     MP     PP MP  PK MP  
------------------------------------------------------------------------------------
Alexander Radulov        0  0  0  -1  2   3  1  0  1  1  0/1    15:37   1:02   0:00 
Andrei Kostitsyn         0  0  0  -1  0   0  2  0  1  0  0/1    16:54   1:02   1:12 
Brad Richardson          0  0  0  -1  0   1  1  1  0  0  0/0     9:19   0:00   1:35 
Bryan Little             1  0  1   2  2   4  2  0  0  0  10/21  17:51   1:05   0:53 
Charlie Coyle            0  1  1  -1  0   1  1  0  1  0  6/14   14:56   0:00   6:54 
Danny Richmond           0  0  0   0  6   1  0  2  0  0  0/0    16:47   0:42   3:21 
Darren Reid              0  0  0   0  0   0  0  0  0  0  0/0    10:48   0:00   3:09 
Dmitry Kulikov           0  0  0  -2  0   1  0  3  0  0  0/0    18:05   0:41   0:49 
Erik Karlsson            0  0  0   1  0   3  1  0  0  0  0/0    21:39   1:26   2:28 
Jack Johnson             0  0  0   1  2   2  1  2  0  2  0/0    24:57   1:24   5:40 
Kyle Turris              0  0  0   0  2   3  0  0  0  0  4/5    10:01   0:00   2:21 
Marc Staal               0  0  0  -1  0   2  1  0  0  1  0/0    23:02   0:00   6:14 
Matt Moulson             0  0  0   0  0   0  1  0  1  0  0/1    13:29   0:00   5:32 
Mattias Ekholm           0  0  0   1  2   0  0  3  0  1  0/0    15:50   0:01   3:50 
Mikkel Boedker           0  2  2   2  0   2  0  0  1  0  1/2    16:56   1:05   0:00 
Patric Hornqvist         1  1  2   2  0   2  1  0  0  0  0/0    15:58   1:04   0:00 
Paul Stastny             0  0  0  -1  0   6  1  0  0  0  7/24   16:23   1:02   0:14 
Tomas Tatar              0  0  0  -1  0   1  1  0  1  0  0/0     8:18   0:00   0:32 

Players Stats for Nordiques

Player Name              G  A  P  +/- PIM S  H  SB GA TA FO     MP     PP MP  PK MP  
------------------------------------------------------------------------------------
Adam Pineault            0  0  0   0  0   1  0  0  0  0  0/0     7:32   0:49   0:02 
Cody McLeod              0  1  1   1  0   1  1  0  0  0  0/0     8:55   0:43   1:04 
David Legwand            1  2  3   2  2   3  0  1  0  0  24/38  23:05   6:34   0:27 
Dustin Byfuglien         0  0  0   0  0   1  1  2  0  0  0/0    11:19   0:18   0:00 
Evander Kane             1  2  3   2  2   6  2  0  1  0  0/0    23:54   6:37   0:03 
Fedor Tyutin             1  0  1   1  0   3  2  1  1  0  0/0    19:32   4:31   0:35 
Jay Bouwmeester          0  0  0  -1  0   3  3  0  0  1  0/0    28:29   6:32   1:32 
Jiri Hudler              0  0  0  -2  0   2  1  1  0  0  0/0    16:17   3:34   0:00 
Maxim Talbot             0  0  0  -2  0   0  1  1  0  0  4/9    16:17   3:34   0:00 
Mike Brown               0  0  0   0  0   1  2  0  0  0  0/0    10:55   0:42   0:02 
Mike Fisher              0  0  0   0  0   0  3  1  0  0  6/8    11:21   0:20   1:07 
Paul Gaustad             0  0  0   0  0   0  0  0  0  0  3/4     6:34   0:00   0:00 
R.J. Umberger            0  0  0  -2  0   1  2  0  0  1  0/2    16:51   3:34   0:00 
Ryan Ellis               0  0  0  -1  0   0  2  1  1  1  0/0    28:29   6:32   1:32 
T.J. Fast                0  0  0   0  0   2  0  0  0  1  0/0    11:59   0:08   0:00 
Trevor Daley             0  0  0   1  0   3  0  4  1  0  0/0    19:32   4:31   0:35 
Vladimir Tarasenko       1  2  3   1  0   3  2  0  1  2  3/7    25:05   6:37   1:22 
Zac Rinaldo              0  0  0   0  0   1  1  1  0  0  1/1     9:54   0:18   0:07 

3 Stars

1 - Vladimir Tarasenko (Que)
2 - Evander Kane (Que)
3 - David Legwand (Que)

Power Play

Avalanche - 0 on 2 Attempt(s) - 0.00%
Nordiques - 2 on 8 Attempt(s) - 25.00%

Penalty Kill

Avalanche - 6 on 8 Attempt(s) - 75.00% - Score 0 goal in Penalty Kill
Nordiques - 2 on 2 Attempt(s) - 100.00% - Score 0 goal in Penalty Kill

Team Stat

Avalanche - Hits : 14 - Faceoff Wins : 28 - Blocked Shots : 11 - Penalty Minutes : 16
Nordiques - Hits : 23 - Faceoff Wins : 41 - Blocked Shots : 13 - Penalty Minutes : 4

Official

Referees : Unknown
Linesman : Unknown

Game Notes

4:36 of 3rd period - Nordiques goal is going for a video replay. After video review, No Goal. The puck has entered the net after making contact with an attacking player’s stick that is above the height of the crossbar.

Finance

Level 1 -- Attendance: 4312 (71.87%) -- Ticket Income $539,000
Level 2 -- Attendance: 3436 (68.72%) -- Ticket Income $257,700
Level 3 -- Attendance: 1476 (73.80%) -- Ticket Income $73,800
Level 4 -- Attendance: 2460 (61.50%) -- Ticket Income $98,400
Luxury Box -- Attendance: 855 (85.50%) -- Ticket Income $162,450
Game was played at the Centre Videotron.
Total Attendance: 12539 (69.66%)
Total Ticket Income: $1,131,350
Other Income: $169,702
Total Income: $1,301,052

Avalanche

5 vs 5 Forward 
   Center                   Left Wing                Right Wing               Time % Phy DF OF 
 1 Bryan Little             Mikkel Boedker           Patric Hornqvist         35     1   2  2  
 2 Paul Stastny             Andrei Kostitsyn         Alexander Radulov        35     1   2  2  
 3 Charlie Coyle            Tomas Tatar              Brad Richardson          15     1   2  2  
 4 Kyle Turris              Matt Moulson             Darren Reid              15     1   2  2  

5 vs 5 Defense 
   Defense                  Defense                                           Time % Phy DF OF 
 1 Jack Johnson             Erik Karlsson                                     37     1   2  2  
 2 Marc Staal               Dmitry Kulikov                                    36     1   2  2  
 3 Danny Richmond           Mattias Ekholm                                    27     1   2  2  
 4 Jack Johnson             Marc Staal                                        0      1   2  2  

PowerPlay Forward 
   Center                   Left Wing                Right Wing               Time % Phy DF OF 
 1 Bryan Little             Mikkel Boedker           Patric Hornqvist         60     1   2  2  
 2 Paul Stastny             Andrei Kostitsyn         Alexander Radulov        40     1   2  2  

PowerPlay Defense
   Defense                  Defense                                           Time % Phy DF OF 
 1 Jack Johnson             Erik Karlsson                                     60     1   2  2  
 2 Danny Richmond           Dmitry Kulikov                                    40     1   2  2  

Penalty Kill 4 Players Forward 
   Center                   Wing                     Time % Phy DF OF 
 1 Charlie Coyle            Matt Moulson             60     1   2  2  
 2 Kyle Turris              Darren Reid              40     1   2  2  

Penalty Kill 4 Players Defense
   Defense                  Defense                  Time % Phy DF OF 
 1 Jack Johnson             Marc Staal               60     1   2  2  
 2 Mattias Ekholm           Danny Richmond           40     1   2  2  

Penalty Kill - 3 Players Forward 
   Forward                                           Time % Phy DF OF 
 1 Mikkel Boedker                                    60     1   2  2  
 2 Bryan Little                                      40     1   2  2  

Penalty Kill - 3 Players Defense
   Defense                  Defense                  Time % Phy DF OF 
 1 Jack Johnson             Marc Staal               60     1   2  2  
 2 Erik Karlsson            Danny Richmond           40     1   2  2  

4 vs 4 Forward 
   Center                   Wing                     Time % Phy DF OF 
 1 Mikkel Boedker           Bryan Little             60     1   2  2  
 2 Patric Hornqvist         Paul Stastny             40     1   2  2  

4 vs 4 Defense
   Defense                  Defense                  Time % Phy DF OF 
 1 Jack Johnson             Marc Staal               60     1   2  2  
 2 Erik Karlsson            Danny Richmond           40     1   2  2  

Last Minutes Offensive
   Center                   Left Wing                Right Wing               Defense                  Defense                  
   Bryan Little             Mikkel Boedker           Patric Hornqvist         Jack Johnson             Erik Karlsson            

Last Minutes Defensive
   Center                   Left Wing                Right Wing               Defense                  Defense                  
   Bryan Little             Mikkel Boedker           Patric Hornqvist         Jack Johnson             Marc Staal               

Goaltenders
Starting : Mike Brodeur             
Backup : Semyon Varlamov          

Extra Forwards
Normal : Tomas Tatar, Matt Moulson, Brad Richardson - PP : Tomas Tatar, Matt Moulson - PK : Brad Richardson
Extra Defensemen
Normal : Dmitry Kulikov, Mattias Ekholm, Erik Karlsson - PP : Dmitry Kulikov - PK : Mattias Ekholm, Erik Karlsson
Penalty Shots
Mikkel Boedker, Bryan Little, Patric Hornqvist, Paul Stastny, Andrei Kostitsyn

Scratches
Andrew Ladd (Separated Left Shoulder Injury)

Nordiques

5 vs 5 Forward 
   Center                   Left Wing                Right Wing               Time % Phy DF OF 
 1 David Legwand            Evander Kane             Vladimir Tarasenko       40     1   2  2  
 2 Maxim Talbot             R.J. Umberger            Jiri Hudler              30     1   2  2  
 3 Mike Fisher              Zac Rinaldo              Mike Brown               20     1   2  2  
 4 Paul Gaustad             Cody McLeod              Adam Pineault            10     1   2  2  

5 vs 5 Defense 
   Defense                  Defense                                           Time % Phy DF OF 
 1 Ryan Ellis               Jay Bouwmeester                                   40     1   2  2  
 2 Fedor Tyutin             Trevor Daley                                      30     1   2  2  
 3 T.J. Fast                Dustin Byfuglien                                  20     1   2  2  
 4 Ryan Ellis               Jay Bouwmeester                                   10     1   2  2  

PowerPlay Forward 
   Center                   Left Wing                Right Wing               Time % Phy DF OF 
 1 David Legwand            Evander Kane             Vladimir Tarasenko       60     1   2  2  
 2 Maxim Talbot             R.J. Umberger            Jiri Hudler              40     1   2  2  

PowerPlay Defense
   Defense                  Defense                                           Time % Phy DF OF 
 1 Ryan Ellis               Jay Bouwmeester                                   60     1   2  2  
 2 Fedor Tyutin             Trevor Daley                                      40     1   2  2  

Penalty Kill 4 Players Forward 
   Center                   Wing                     Time % Phy DF OF 
 1 Vladimir Tarasenko       Evander Kane             60     1   2  2  
 2 David Legwand            R.J. Umberger            40     1   2  2  

Penalty Kill 4 Players Defense
   Defense                  Defense                  Time % Phy DF OF 
 1 Ryan Ellis               Jay Bouwmeester          60     1   2  2  
 2 Fedor Tyutin             Trevor Daley             40     1   2  2  

Penalty Kill - 3 Players Forward 
   Forward                                           Time % Phy DF OF 
 1 Vladimir Tarasenko                                60     1   2  2  
 2 Evander Kane                                      40     1   2  2  

Penalty Kill - 3 Players Defense
   Defense                  Defense                  Time % Phy DF OF 
 1 Ryan Ellis               Jay Bouwmeester          60     1   2  2  
 2 Fedor Tyutin             Trevor Daley             40     1   2  2  

4 vs 4 Forward 
   Center                   Wing                     Time % Phy DF OF 
 1 Vladimir Tarasenko       Evander Kane             60     1   2  2  
 2 David Legwand            R.J. Umberger            40     1   2  2  

4 vs 4 Defense
   Defense                  Defense                  Time % Phy DF OF 
 1 Ryan Ellis               Jay Bouwmeester          60     1   2  2  
 2 Fedor Tyutin             Trevor Daley             40     1   2  2  

Last Minutes Offensive
   Center                   Left Wing                Right Wing               Defense                  Defense                  
   David Legwand            Evander Kane             Vladimir Tarasenko       Ryan Ellis               Jay Bouwmeester          

Last Minutes Defensive
   Center                   Left Wing                Right Wing               Defense                  Defense                  
   David Legwand            Evander Kane             Vladimir Tarasenko       Ryan Ellis               Jay Bouwmeester          

Goaltenders
Starting : Jonathan Quick           
Backup : Julien Ellis             

Extra Forwards
Normal : Mike Brown, Adam Pineault, Mike Fisher - PP : Mike Brown, Adam Pineault - PK : Mike Fisher
Extra Defensemen
Normal : T.J. Fast, Dustin Byfuglien, Fedor Tyutin - PP : T.J. Fast - PK : Dustin Byfuglien, Fedor Tyutin
Penalty Shots
Vladimir Tarasenko, Evander Kane, David Legwand, R.J. Umberger, Jiri Hudler

Scratches
Matt Gilroy (Healthy), James Sheppard (Healthy)

% Time on Ice - Avalanche

Lines # - Real PCT - Wanted PCT - Time Play
Normal Forward
1 - 33% - 35% - 14:56
2 - 33% - 35% - 14:36
3 - 17% - 15% - 7:41
4 - 17% - 15% - 7:38
Normal Defense
1 - 38% - 37% - 17:11
2 - 37% - 36% - 16:32
3 - 25% - 27% - 11:08
4 - 0% - 0% - 0:00
PP Forward
1 - 51% - 60% - 1:05
2 - 49% - 40% - 1:02
PP Defense
1 - 67% - 60% - 1:25
2 - 33% - 40% - 0:42
PK Forward
1 - 72% - 60% - 8:02
2 - 28% - 40% - 3:09
PK Defense
1 - 61% - 60% - 6:50
2 - 39% - 40% - 4:21
PK3 Forward
1 - 0% - 60%
2 - 0% - 40%
PK3 Defense
1 - 0% - 60%
2 - 0% - 40%
44 Forward
1 - 76% - 60% - 1:24
2 - 24% - 40% - 0:27
44 Defense
1 - 70% - 60% - 1:18
2 - 30% - 40% - 0:33
Last Minute Offensive  - 0:00
Last Minute Defensive  - 0:00
Total
Forward - 60:00
Defense - 60:00

% Time on Ice - Nordiques

Lines # - Real PCT - Wanted PCT - Time Play
Normal Forward
1 - 36% - 40% - 16:07
2 - 28% - 30% - 12:43
3 - 21% - 20% - 9:27
4 - 15% - 10% - 6:34
Normal Defense
1 - 41% - 40% - 18:18
2 - 31% - 30% - 14:01
3 - 24% - 20% - 10:59
4 - 3% - 10% - 1:33
PP Forward
1 - 68% - 60% - 7:37
2 - 32% - 40% - 3:34
PP Defense
1 - 58% - 60% - 6:32
2 - 42% - 40% - 4:39
PK Forward
1 - 100% - 60% - 2:07
2 - 0% - 40% - 0:00
PK Defense
1 - 72% - 60% - 1:32
2 - 28% - 40% - 0:35
PK3 Forward
1 - 0% - 60%
2 - 0% - 40%
PK3 Defense
1 - 0% - 60%
2 - 0% - 40%
44 Forward
1 - 69% - 60% - 1:17
2 - 31% - 40% - 0:34
44 Defense
1 - 31% - 60% - 0:34
2 - 69% - 40% - 1:17
Last Minute Offensive  - 0:00
Last Minute Defensive  - 0:00
Total
Forward - 60:00
Defense - 60:00

Play-by-Play

1st period


0:01 of 1st period - David Legwand wins face-off versus Bryan Little in neutral zone.
0:50 of 1st period - Snap shot by Paul Stastny.
0:50 of 1st period - Deflect By Tomas Tatar.
0:50 of 1st period - Stopped by Jonathan Quick with a rebound.
1:08 of 1st period - Charlie Coyle is hit by Cody McLeod and loses puck.
1:25 of 1st period - Slapshot by Erik Karlsson.
1:25 of 1st period - Shot Blocked by Dustin Byfuglien.
1:53 of 1st period - Snap shot by Tomas Tatar.
1:53 of 1st period - Deflect By Brad Richardson.
1:53 of 1st period - Shot Blocked by Maxim Talbot.
1:53 of 1st period - Puck is out of play.
1:54 of 1st period - Mike Fisher wins face-off versus Paul Stastny in Nordiques zone.
2:16 of 1st period - Icing by Marc Staal.
2:17 of 1st period - David Legwand wins face-off versus Bryan Little in Avalanche zone.
3:32 of 1st period - Matt Moulson is hit by Jiri Hudler and loses puck.
4:48 of 1st period - Minor Penalty to Danny Richmond for Interference.
4:49 of 1st period - David Legwand wins face-off versus Charlie Coyle in Avalanche zone.
5:00 of 1st period - Snap shot by Vladimir Tarasenko.
5:00 of 1st period - Stopped by Mike Brodeur with a rebound.
6:45 of 1st period - Erik Karlsson is hit by Dustin Byfuglien and loses puck.
6:48 of 1st period - Penalty to Danny Richmond is over, Danny Richmond is back on ice.
6:58 of 1st period - Icing by Mike Fisher.
6:59 of 1st period - Mike Fisher wins face-off versus Bryan Little in Nordiques zone.
7:12 of 1st period - Danny Richmond is hit by Vladimir Tarasenko.
7:22 of 1st period - Adam Pineault is hit by Tomas Tatar and loses puck.
7:39 of 1st period - T.J. Fast is hit by Andrei Kostitsyn.
7:54 of 1st period - Icing by Jay Bouwmeester.
7:55 of 1st period - Bryan Little wins face-off versus David Legwand in Nordiques zone.
8:56 of 1st period - Snap shot by Alexander Radulov.
8:56 of 1st period - Shot Misses the Net.
9:06 of 1st period - Snap shot by Adam Pineault.
9:06 of 1st period - Shot Blocked by Dmitry Kulikov.
9:50 of 1st period - Minor Penalty to Mattias Ekholm for Tripping.
9:51 of 1st period - Kyle Turris wins face-off versus Maxim Talbot in Avalanche zone.
10:09 of 1st period - Off-side.
10:10 of 1st period - Kyle Turris wins face-off versus David Legwand in neutral zone.
10:17 of 1st period - Slapshot by Jack Johnson.
10:17 of 1st period - Deflect By Kyle Turris.
10:17 of 1st period - Stopped by Jonathan Quick without a rebound.
10:18 of 1st period - Charlie Coyle wins face-off versus David Legwand in Nordiques zone.
10:37 of 1st period - Wrist shot by Evander Kane.
10:37 of 1st period - Stopped by Mike Brodeur with a rebound.
10:47 of 1st period - Slapshot by Erik Karlsson.
10:47 of 1st period - Stopped by Jonathan Quick with a rebound.
11:02 of 1st period - Minor Penalty to David Legwand for Holding.
11:03 of 1st period - Vladimir Tarasenko wins face-off versus Mikkel Boedker in Nordiques zone.
11:30 of 1st period - Bryan Little is hit by Fedor Tyutin and loses puck.
11:50 of 1st period - Penalty to Mattias Ekholm is over, Mattias Ekholm is back on ice.
11:57 of 1st period - Minor Penalty to Jack Johnson for Interference.
11:58 of 1st period - Mikkel Boedker wins face-off versus Vladimir Tarasenko in Avalanche zone.
12:23 of 1st period - Jay Bouwmeester is hit by Patric Hornqvist and loses puck.
12:30 of 1st period - Marc Staal is hit by Mike Brown and loses puck.
13:02 of 1st period - Penalty to David Legwand is over, David Legwand is back on ice.
13:10 of 1st period - Snap shot by Trevor Daley.
13:10 of 1st period - Stopped by Mike Brodeur with a rebound.
13:12 of 1st period - Slapshot by Trevor Daley.
13:12 of 1st period - Deflect By Matt Moulson.
13:12 of 1st period - Stopped by Mike Brodeur without a rebound.
13:13 of 1st period - Maxim Talbot wins face-off versus Charlie Coyle in Avalanche zone.
13:16 of 1st period - Snap shot by R.J. Umberger.
13:16 of 1st period - Stopped by Mike Brodeur with a rebound.
13:57 of 1st period - Penalty to Jack Johnson is over, Jack Johnson is back on ice.
14:07 of 1st period - Slapshot by Adam Pineault.
14:07 of 1st period - Shot Blocked by Danny Richmond.
14:09 of 1st period - Slapshot by Dustin Byfuglien.
14:09 of 1st period - Stopped by Mike Brodeur with a rebound.
14:11 of 1st period - Snap shot by Cody McLeod.
14:11 of 1st period - Shot Misses the Net.
14:13 of 1st period - Snap shot by T.J. Fast.
14:13 of 1st period - Shot Blocked by Danny Richmond.
14:15 of 1st period - Snap shot by Adam Pineault.
14:15 of 1st period - Stopped by Mike Brodeur without a rebound.
14:16 of 1st period - David Legwand wins face-off versus Paul Stastny in Avalanche zone.
14:23 of 1st period - Wrist shot by Evander Kane.
14:23 of 1st period - Shot Misses the Net.
14:33 of 1st period - Wrist shot by Alexander Radulov.
14:33 of 1st period - Stopped by Jonathan Quick with a rebound.
14:43 of 1st period - Erik Karlsson is hit by Mike Brown and loses puck.
15:25 of 1st period - Jay Bouwmeester is hit by Alexander Radulov.
15:52 of 1st period - Darren Reid is hit by Evander Kane and loses puck.
16:09 of 1st period - Snap shot by Bryan Little.
16:09 of 1st period - Stopped by Jonathan Quick without a rebound.
16:10 of 1st period - David Legwand wins face-off versus Paul Stastny in Nordiques zone.
16:36 of 1st period - Bryan Little is hit by Ryan Ellis and loses puck.
17:07 of 1st period - Slapshot by Fedor Tyutin.
17:07 of 1st period - Stopped by Mike Brodeur with a rebound.
17:09 of 1st period - Slapshot by Jiri Hudler.
17:09 of 1st period - Deflect By R.J. Umberger.
17:09 of 1st period - Shot Misses the Net.
17:09 of 1st period - Puck is out of play.
17:10 of 1st period - Paul Stastny wins face-off versus Vladimir Tarasenko in Avalanche zone.
17:17 of 1st period - Backhand shot by Dmitry Kulikov.
17:17 of 1st period - Stopped by Jonathan Quick with a rebound.
17:19 of 1st period - Slapshot by Marc Staal.
17:19 of 1st period - Stopped by Jonathan Quick without a rebound.
17:20 of 1st period - David Legwand wins face-off versus Andrei Kostitsyn in Nordiques zone.
17:20 of 1st period - David Legwand is hit by Marc Staal.
17:28 of 1st period - Wrist shot by Alexander Radulov.
17:28 of 1st period - Shot Blocked by Dustin Byfuglien.
17:30 of 1st period - Snap shot by Marc Staal.
17:30 of 1st period - Stopped by Jonathan Quick with a rebound.
17:32 of 1st period - Snap shot by Paul Stastny.
17:32 of 1st period - Stopped by Jonathan Quick with a rebound.
17:36 of 1st period - Backhand shot by Andrei Kostitsyn.
17:36 of 1st period - Deflect By Evander Kane.
17:36 of 1st period - Shot Blocked by David Legwand.
17:36 of 1st period - Puck is out of play.
17:37 of 1st period - Mike Fisher wins face-off versus Bryan Little in Nordiques zone.
18:14 of 1st period - Snap shot by Evander Kane.
18:14 of 1st period - Shot Blocked by Dmitry Kulikov.
18:50 of 1st period - Wrist shot by Matt Moulson.
18:50 of 1st period - Shot Blocked by Jiri Hudler.
18:55 of 1st period - Off-side.
18:56 of 1st period - David Legwand wins face-off versus Paul Stastny in neutral zone.
19:13 of 1st period - Slapshot by Evander Kane.
19:13 of 1st period - Shot Blocked by Jack Johnson.
19:46 of 1st period - Snap shot by Brad Richardson.
19:46 of 1st period - Stopped by Jonathan Quick without a rebound.
19:47 of 1st period - David Legwand wins face-off versus Charlie Coyle in Nordiques zone.
Goals for this period are 0 for Avalanche vs 0 for Nordiques.
Shots for this period are 10 for Avalanche vs 8 for Nordiques.

2nd period


0:01 of 2nd period - Paul Stastny wins face-off versus David Legwand in neutral zone.
1:09 of 2nd period - Charlie Coyle is hit by Evander Kane and loses puck.
1:34 of 2nd period - Snap shot by Kyle Turris.
1:34 of 2nd period - Shot Misses the Net.
1:36 of 2nd period - Slapshot by Erik Karlsson.
1:36 of 2nd period - Stopped by Jonathan Quick with a rebound.
1:38 of 2nd period - Snap shot by Jack Johnson.
1:38 of 2nd period - Stopped by Jonathan Quick without a rebound.
1:39 of 2nd period - Paul Gaustad wins face-off versus Bryan Little in Nordiques zone.
1:53 of 2nd period - Minor Penalty to Bryan Little for Hooking.
1:54 of 2nd period - Charlie Coyle wins face-off versus David Legwand in Avalanche zone.
2:00 of 2nd period - Snap shot by Jack Johnson.
2:00 of 2nd period - Shot Misses the Net.
2:27 of 2nd period - Wrist shot by Kyle Turris.
2:27 of 2nd period - Stopped by Jonathan Quick without a rebound.
2:28 of 2nd period - David Legwand wins face-off versus Charlie Coyle in Nordiques zone.
2:28 of 2nd period - David Legwand is hit by Matt Moulson.
3:22 of 2nd period - David Legwand is hit by Charlie Coyle and loses puck.
3:53 of 2nd period - Penalty to Bryan Little is over, Bryan Little is back on ice.
5:08 of 2nd period - Icing by Patric Hornqvist.
5:09 of 2nd period - Paul Gaustad wins face-off versus Bryan Little in Avalanche zone.
5:52 of 2nd period - Slapshot by Alexander Radulov.
5:52 of 2nd period - Shot Misses the Net.
6:36 of 2nd period - Icing by Jay Bouwmeester.
6:37 of 2nd period - Paul Gaustad wins face-off versus Paul Stastny in Nordiques zone.
6:44 of 2nd period - Snap shot by Adam Pineault.
6:44 of 2nd period - Shot Misses the Net.
6:46 of 2nd period - Wrist shot by Cody McLeod.
6:46 of 2nd period - Stopped by Mike Brodeur without a rebound.
6:47 of 2nd period - Paul Stastny wins face-off versus David Legwand in Avalanche zone.
6:58 of 2nd period - Wrist shot by Vladimir Tarasenko.
6:58 of 2nd period - Deflect By David Legwand.
6:58 of 2nd period - Shot Misses the Net.
6:58 of 2nd period - Puck is out of play.
6:59 of 2nd period - Paul Stastny wins face-off versus David Legwand in Avalanche zone.
7:08 of 2nd period - Snap shot by Paul Stastny.
7:08 of 2nd period - Stopped by Jonathan Quick with a rebound.
7:10 of 2nd period - Snap shot by Paul Stastny.
7:10 of 2nd period - Stopped by Jonathan Quick with a rebound.
7:12 of 2nd period - Snap shot by Andrei Kostitsyn.
7:12 of 2nd period - Shot Misses the Net.
7:14 of 2nd period - Slapshot by Marc Staal.
7:14 of 2nd period - Deflect By Paul Stastny.
7:14 of 2nd period - Shot Misses the Net.
7:14 of 2nd period - Puck is out of play.
7:15 of 2nd period - Bryan Little wins face-off versus Maxim Talbot in Nordiques zone.
7:50 of 2nd period - Wrist shot by Paul Stastny.
7:50 of 2nd period - Shot Misses the Net.
7:52 of 2nd period - Snap shot by Paul Stastny.
7:52 of 2nd period - Stopped by Jonathan Quick with a rebound.
7:54 of 2nd period - Slapshot by Marc Staal.
7:54 of 2nd period - Shot Blocked by Trevor Daley.
7:56 of 2nd period - Slapshot by Dmitry Kulikov.
7:56 of 2nd period - Shot Misses the Net.
8:10 of 2nd period - Snap shot by Jack Johnson.
8:10 of 2nd period - Shot Blocked by Trevor Daley.
8:12 of 2nd period - Slapshot by Erik Karlsson.
8:12 of 2nd period - Stopped by Jonathan Quick with a rebound.
8:14 of 2nd period - Slapshot by Erik Karlsson.
8:14 of 2nd period - Shot Blocked by Trevor Daley.
8:52 of 2nd period - Snap shot by Mikkel Boedker.
8:52 of 2nd period - Shot Misses the Net.
8:54 of 2nd period - Snap shot by Patric Hornqvist.
8:54 of 2nd period - Goal by Patric Hornqvist - Avalanche : 1 - Nordiques : 0.
8:55 of 2nd period - Maxim Talbot wins face-off versus Paul Stastny in neutral zone.
8:58 of 2nd period - Wrist shot by R.J. Umberger.
8:58 of 2nd period - Shot Misses the Net.
9:27 of 2nd period - Snap shot by David Legwand.
9:27 of 2nd period - Stopped by Mike Brodeur with a rebound.
10:09 of 2nd period - Darren Reid is hit by Mike Fisher and loses puck.
10:44 of 2nd period - Slapshot by Alexander Radulov.
10:44 of 2nd period - Stopped by Jonathan Quick without a rebound.
10:45 of 2nd period - Bryan Little wins face-off versus David Legwand in Nordiques zone.
11:14 of 2nd period - Wrist shot by Jiri Hudler.
11:14 of 2nd period - Stopped by Mike Brodeur with a rebound.
11:16 of 2nd period - Snap shot by Jiri Hudler.
11:16 of 2nd period - Shot Blocked by Mattias Ekholm.
11:20 of 2nd period - Snap shot by Maxim Talbot.
11:20 of 2nd period - Shot Misses the Net.
11:38 of 2nd period - Tomas Tatar is hit by Mike Fisher and loses puck.
11:43 of 2nd period - Wrist shot by Mike Brown.
11:43 of 2nd period - Shot Blocked by Brad Richardson.
11:45 of 2nd period - Snap shot by T.J. Fast.
11:45 of 2nd period - Deflect By Erik Karlsson.
11:45 of 2nd period - Stopped by Mike Brodeur without a rebound.
11:46 of 2nd period - Bryan Little wins face-off versus Vladimir Tarasenko in Avalanche zone.
12:13 of 2nd period - Patric Hornqvist is hit by Jay Bouwmeester.
12:31 of 2nd period - Slapshot by Mikkel Boedker.
12:31 of 2nd period - Deflect By Patric Hornqvist.
12:31 of 2nd period - Shot Misses the Net.
12:31 of 2nd period - Puck is out of play.
12:32 of 2nd period - Paul Stastny wins face-off versus David Legwand in Nordiques zone.
12:36 of 2nd period - Icing by Evander Kane.
12:37 of 2nd period - David Legwand wins face-off versus Paul Stastny in Nordiques zone.
12:46 of 2nd period - Wrist shot by David Legwand.
12:46 of 2nd period - Stopped by Mike Brodeur with a rebound.
12:48 of 2nd period - Slapshot by Trevor Daley.
12:48 of 2nd period - Stopped by Mike Brodeur without a rebound.
12:49 of 2nd period - David Legwand wins face-off versus Paul Stastny in Avalanche zone.
13:59 of 2nd period - Snap shot by Patric Hornqvist.
13:59 of 2nd period - Shot Misses the Net.
14:01 of 2nd period - Snap shot by Bryan Little.
14:01 of 2nd period - Stopped by Jonathan Quick without a rebound.
14:02 of 2nd period - Mike Fisher wins face-off versus Paul Stastny in Nordiques zone.
14:10 of 2nd period - Off-side.
14:11 of 2nd period - David Legwand wins face-off versus Paul Stastny in neutral zone.
15:09 of 2nd period - Slapshot by Paul Stastny.
15:09 of 2nd period - Stopped by Jonathan Quick with a rebound.
15:36 of 2nd period - Wrist shot by Alexander Radulov.
15:36 of 2nd period - Stopped by Jonathan Quick with a rebound.
15:42 of 2nd period - Snap shot by Vladimir Tarasenko.
15:42 of 2nd period - Stopped by Mike Brodeur with a rebound.
16:07 of 2nd period - Off-side.
16:08 of 2nd period - Bryan Little wins face-off versus R.J. Umberger in neutral zone.
16:15 of 2nd period - Wrist shot by Mikkel Boedker.
16:15 of 2nd period - Stopped by Jonathan Quick with a rebound.
16:23 of 2nd period - Snap shot by Mikkel Boedker.
16:23 of 2nd period - Stopped by Jonathan Quick with a rebound.
16:25 of 2nd period - Snap shot by Bryan Little.
16:25 of 2nd period - Goal by Bryan Little - Avalanche : 2 - Nordiques : 0.
16:26 of 2nd period - Bryan Little wins face-off versus Maxim Talbot in neutral zone.
16:59 of 2nd period - Wrist shot by Charlie Coyle.
16:59 of 2nd period - Stopped by Jonathan Quick with a rebound.
17:01 of 2nd period - Slapshot by Danny Richmond.
17:01 of 2nd period - Deflect By Ryan Ellis.
17:01 of 2nd period - Stopped by Jonathan Quick without a rebound.
17:02 of 2nd period - Maxim Talbot wins face-off versus Kyle Turris in Nordiques zone.
17:09 of 2nd period - Wrist shot by R.J. Umberger.
17:09 of 2nd period - Shot Misses the Net.
17:15 of 2nd period - Snap shot by Maxim Talbot.
17:15 of 2nd period - Shot Misses the Net.
17:17 of 2nd period - Slapshot by Trevor Daley.
17:17 of 2nd period - Deflect By Maxim Talbot.
17:17 of 2nd period - Shot Blocked by Dmitry Kulikov.
17:17 of 2nd period - Puck is out of play.
17:18 of 2nd period - Mike Fisher wins face-off versus Bryan Little in Avalanche zone.
17:29 of 2nd period - Mike Brown is hit by Bryan Little and loses puck.
17:48 of 2nd period - Off-side.
17:49 of 2nd period - Charlie Coyle wins face-off versus David Legwand in neutral zone.
18:06 of 2nd period - Wrist shot by Evander Kane.
18:06 of 2nd period - Stopped by Mike Brodeur with a rebound.
18:24 of 2nd period - Wrist shot by Bryan Little.
18:24 of 2nd period - Stopped by Jonathan Quick without a rebound.
18:25 of 2nd period - David Legwand wins face-off versus Paul Stastny in Nordiques zone.
18:34 of 2nd period - Slapshot by Vladimir Tarasenko.
18:34 of 2nd period - Shot Misses the Net.
18:52 of 2nd period - Bryan Little is hit by Maxim Talbot.
19:06 of 2nd period - Bryan Little is hit by Ryan Ellis and loses puck.
19:22 of 2nd period - Off-side.
19:23 of 2nd period - Paul Stastny wins face-off versus Paul Gaustad in neutral zone.
19:31 of 2nd period - Minor Penalty to Alexander Radulov for Hooking.
19:32 of 2nd period - Charlie Coyle wins face-off versus David Legwand in Avalanche zone.
19:46 of 2nd period - Snap shot by Jay Bouwmeester.
19:46 of 2nd period - Stopped by Mike Brodeur with a rebound.
Goals for this period are 2 for Avalanche vs 0 for Nordiques.
Shots for this period are 18 for Avalanche vs 9 for Nordiques.

3rd period


0:01 of 3rd period - David Legwand wins face-off versus Charlie Coyle in neutral zone.
0:08 of 3rd period - Wrist shot by Evander Kane.
0:08 of 3rd period - Stopped by Mike Brodeur with a rebound.
0:26 of 3rd period - Marc Staal is hit by Jay Bouwmeester and loses puck.
1:21 of 3rd period - Danny Richmond is hit by Jay Bouwmeester.
1:31 of 3rd period - Penalty to Alexander Radulov is over, Alexander Radulov is back on ice.
2:03 of 3rd period - Wrist shot by Paul Stastny.
2:03 of 3rd period - Stopped by Jonathan Quick without a rebound.
2:04 of 3rd period - Maxim Talbot wins face-off versus Alexander Radulov in Nordiques zone.
2:11 of 3rd period - Paul Stastny is hit by R.J. Umberger and loses puck.
2:20 of 3rd period - Wrist shot by Andrei Kostitsyn.
2:20 of 3rd period - Deflect By Paul Stastny.
2:20 of 3rd period - Shot Misses the Net.
2:20 of 3rd period - Puck is out of play.
2:21 of 3rd period - David Legwand wins face-off versus Bryan Little in Nordiques zone.
4:32 of 3rd period - Slapshot by Maxim Talbot.
4:32 of 3rd period - Shot Blocked by Mattias Ekholm.
4:34 of 3rd period - Slapshot by T.J. Fast.
4:34 of 3rd period - Stopped by Mike Brodeur with a rebound.
4:36 of 3rd period - Wrist shot by Jiri Hudler.
4:36 of 3rd period - Nordiques goal is going for a video replay.
4:36 of 3rd period - The goal is refused. The puck has entered the net after making contact with an attacking player’s stick that is above the height of the crossbar..
4:37 of 3rd period - David Legwand wins face-off versus Paul Stastny in Avalanche zone.
4:38 of 3rd period - Snap shot by Evander Kane.
4:38 of 3rd period - Stopped by Mike Brodeur with a rebound.
4:40 of 3rd period - Snap shot by David Legwand.
4:40 of 3rd period - Deflect By Evander Kane.
4:40 of 3rd period - Shot Misses the Net.
4:40 of 3rd period - Puck is out of play.
4:41 of 3rd period - David Legwand wins face-off versus Paul Stastny in Avalanche zone.
4:55 of 3rd period - Minor Penalty to Evander Kane for Hooking.
4:56 of 3rd period - Vladimir Tarasenko wins face-off versus Bryan Little in Nordiques zone.
5:28 of 3rd period - Slapshot by Jack Johnson.
5:28 of 3rd period - Stopped by Jonathan Quick with a rebound.
5:30 of 3rd period - Slapshot by Paul Stastny.
5:30 of 3rd period - Shot Misses the Net.
5:32 of 3rd period - Snap shot by Paul Stastny.
5:32 of 3rd period - Deflect By Alexander Radulov.
5:32 of 3rd period - Shot Blocked by Ryan Ellis.
5:32 of 3rd period - Puck is out of play.
5:33 of 3rd period - Bryan Little wins face-off versus Vladimir Tarasenko in Nordiques zone.
5:48 of 3rd period - Wrist shot by Bryan Little.
5:48 of 3rd period - Shot Blocked by Trevor Daley.
5:50 of 3rd period - Wrist shot by Patric Hornqvist.
5:50 of 3rd period - Stopped by Jonathan Quick without a rebound.
5:51 of 3rd period - Vladimir Tarasenko wins face-off versus Paul Stastny in Nordiques zone.
6:55 of 3rd period - Penalty to Evander Kane is over, Evander Kane is back on ice.
7:03 of 3rd period - Wrist shot by Evander Kane.
7:03 of 3rd period - Deflect By David Legwand.
7:03 of 3rd period - Goal by David Legwand - Avalanche : 2 - Nordiques : 1.
7:04 of 3rd period - Bryan Little wins face-off versus R.J. Umberger in neutral zone.
7:19 of 3rd period - Slapshot by Jay Bouwmeester.
7:19 of 3rd period - Stopped by Mike Brodeur with a rebound.
7:21 of 3rd period - Slapshot by Jay Bouwmeester.
7:21 of 3rd period - Stopped by Mike Brodeur without a rebound.
7:22 of 3rd period - David Legwand wins face-off versus Paul Stastny in Avalanche zone.
7:23 of 3rd period - Wrist shot by Vladimir Tarasenko.
7:23 of 3rd period - Goal by Vladimir Tarasenko - Avalanche : 2 - Nordiques : 2.
7:24 of 3rd period - David Legwand wins face-off versus Paul Stastny in neutral zone.
7:33 of 3rd period - Wrist shot by Evander Kane.
7:33 of 3rd period - Stopped by Mike Brodeur without a rebound.
7:34 of 3rd period - David Legwand wins face-off versus Paul Stastny in Avalanche zone.
7:45 of 3rd period - Snap shot by David Legwand.
7:45 of 3rd period - Shot Blocked by Jack Johnson.
7:52 of 3rd period - Off-side.
7:53 of 3rd period - Bryan Little wins face-off versus Maxim Talbot in neutral zone.
8:06 of 3rd period - Backhand shot by Bryan Little.
8:06 of 3rd period - Shot Misses the Net.
8:30 of 3rd period - Slapshot by Evander Kane.
8:30 of 3rd period - Shot Blocked by Mattias Ekholm.
8:32 of 3rd period - Minor Penalty to Danny Richmond for Hooking.
8:33 of 3rd period - Charlie Coyle wins face-off versus David Legwand in Avalanche zone.
8:41 of 3rd period - Icing by Evander Kane.
8:42 of 3rd period - David Legwand wins face-off versus Matt Moulson in Nordiques zone.
8:53 of 3rd period - Wrist shot by Vladimir Tarasenko.
8:53 of 3rd period - Shot Misses the Net.
8:55 of 3rd period - Slapshot by Fedor Tyutin.
8:55 of 3rd period - Stopped by Mike Brodeur with a rebound.
8:57 of 3rd period - Slapshot by Fedor Tyutin.
8:57 of 3rd period - Goal by Fedor Tyutin - Avalanche : 2 - Nordiques : 3.
8:58 of 3rd period - David Legwand wins face-off versus Bryan Little in neutral zone.
9:29 of 3rd period - Wrist shot by Alexander Radulov.
9:29 of 3rd period - Shot Misses the Net.
9:49 of 3rd period - Tomas Tatar is hit by Mike Fisher and loses puck.
10:09 of 3rd period - Minor Penalty to Kyle Turris for Holding.
10:10 of 3rd period - David Legwand wins face-off versus Charlie Coyle in Avalanche zone.
11:06 of 3rd period - Brad Richardson is hit by R.J. Umberger and loses puck.
12:09 of 3rd period - Penalty to Kyle Turris is over, Kyle Turris is back on ice.
13:23 of 3rd period - Trevor Daley is hit by Paul Stastny and loses puck.
14:05 of 3rd period - Evander Kane is hit by Andrei Kostitsyn and loses puck.
14:18 of 3rd period - Maxim Talbot is hit by Brad Richardson and loses puck.
14:35 of 3rd period - Brad Richardson is hit by Zac Rinaldo and loses puck.
14:40 of 3rd period - Snap shot by Mike Fisher.
14:40 of 3rd period - Deflect By Zac Rinaldo.
14:40 of 3rd period - Stopped by Mike Brodeur without a rebound.
14:41 of 3rd period - Mike Fisher wins face-off versus Bryan Little in Avalanche zone.
14:42 of 3rd period - Wrist shot by Mike Brown.
14:42 of 3rd period - Stopped by Mike Brodeur without a rebound.
14:43 of 3rd period - Bryan Little wins face-off versus David Legwand in Avalanche zone.
14:48 of 3rd period - David Legwand is hit by Erik Karlsson and loses puck.
15:15 of 3rd period - Wrist shot by Kyle Turris.
15:15 of 3rd period - Shot Blocked by Zac Rinaldo.
15:17 of 3rd period - Slapshot by Jack Johnson.
15:17 of 3rd period - Shot Blocked by Mike Fisher.
15:19 of 3rd period - Slapshot by Jack Johnson.
15:19 of 3rd period - Shot Blocked by Fedor Tyutin.
15:29 of 3rd period - Brad Richardson is hit by Fedor Tyutin and loses puck.
16:22 of 3rd period - Off-side.
16:23 of 3rd period - Kyle Turris wins face-off versus Mike Fisher in neutral zone.
16:48 of 3rd period - Erik Karlsson is hit by Vladimir Tarasenko and loses puck.
17:14 of 3rd period - Ryan Ellis is hit by Bryan Little and loses puck.
17:33 of 3rd period - Jay Bouwmeester is hit by Jack Johnson and loses puck.
18:39 of 3rd period - Minor Penalty to Danny Richmond for Tripping.
18:40 of 3rd period - Charlie Coyle wins face-off versus David Legwand in Avalanche zone.
18:46 of 3rd period - Icing by David Legwand.
18:47 of 3rd period - David Legwand wins face-off versus Charlie Coyle in Nordiques zone.
19:22 of 3rd period - Snap shot by Evander Kane.
19:22 of 3rd period - Goal by Evander Kane - Avalanche : 2 - Nordiques : 4.
19:23 of 3rd period - Paul Stastny wins face-off versus Mike Fisher in neutral zone.
19:34 of 3rd period - Wrist shot by Alexander Radulov.
19:34 of 3rd period - Shot Misses the Net.
19:39 of 3rd period - Off-side.
19:40 of 3rd period - Kyle Turris wins face-off versus Maxim Talbot in neutral zone.
19:51 of 3rd period - Snap shot by Kyle Turris.
19:51 of 3rd period - Stopped by Jonathan Quick without a rebound.
19:52 of 3rd period - Zac Rinaldo wins face-off versus Charlie Coyle in Nordiques zone.
Goals for this period are 0 for Avalanche vs 4 for Nordiques.
Shots for this period are 4 for Avalanche vs 14 for Nordiques.